 Dungeon Crawl Stone Soup version 0.32-a0-120-gfac0567ad4 (webtiles) character file.

Game seed: 11798222171541948749

95 CowFu the Slasher (level 4, -2/31 (35) HPs)
             Began as a Demonspawn Monk on Feb 6, 2024.
             Slain by an orc
             ... wielding a +2 mace of draining
              (6 damage)
             ... on level 3 of the Dungeon.
             The game lasted 00:02:11 (1557 turns).

CowFu the Slasher (Demonspawn Monk)                 Turns: 1557, Time: 00:02:11

HP:   -2/31 (35)    AC: 11    Str: 12    XL:     4   Next: 40%
MP:   4/4           EV:  3    Int: 10    God:
Gold: 134           SH:  0    Dex: 17    Spells: 3/3 levels left

rFire   . . .        a - +0 falchion
rCold   . . .        d - orb {light}
rNeg    . . .        m - +0 plate armour
rPois   .            (helmet restricted)
rElec   .            i - +0 cloak
rCorr   .            (no gloves)
SInv    .            (no boots)
Will    .....        (no amulet) Stlth
                     (no ring)
HPRegen 0.25/turn    (no ring)
MPRegen 0.09/turn

%: no passive effects
@: glowing, heavily drained
A: antennae 1, ignite blood 1, powered by death 1
a: no special abilities


You were on level 3 of the Dungeon.
You visited 1 branch of the dungeon, and saw 3 of its levels.

You collected 134 gold pieces.

Inventory:

Hand Weapons
 a - a +0 falchion (weapon)
 b - a +2 dagger of venom
Armour
 d - an orb of light (worn)
 i - a +0 cloak (worn)
 m - a +0 plate armour (worn)
Jewellery
 g - a ring of fire
 n - an amulet of reflection
Wands
 r - a wand of mindburst (16)
Scrolls
 f - a scroll of immolation {unknown}
 h - a scroll of enchant weapon {unknown}
 j - a scroll of fog {unknown}
 k - 3 scrolls of identify {unknown}
 l - a scroll of teleportation {unknown}
 q - a scroll of noise {unknown}
Potions
 c - a potion of ambrosia
 e - a potion of magic {unknown}
 o - a potion of attraction {unknown}
 p - a potion of brilliance {unknown}


   Skills:
 - Level 3.0 Fighting
 + Level 4.8 Long Blades
 - Level 2.6 Dodging


You had 3 spell levels left.
You didn't know any spells.
Your spell library contained the following spells:

 Spells                   Type           Power      Damage    Failure   Level
 Cigotuvi's Dreadful Rot  Necr/Alch/Air  0%         N/A       100%        2
 Scorch                   Fire           0%         2d5       100%        2
 Flame Wave               Conj/Fire      0%         2d4       100%        4
 Ignite Poison            Fire/Alch      0%         N/A       100%        4
 Freezing Cloud           Conj/Ice/Air   0%         6-21      100%        5
 Summon Cactus Giant      Summ           0%         N/A       100%        6


Dungeon Overview and Level Annotations

Branches:
Dungeon (3/15)

Altars:
Xom


Innate Abilities, Weirdness & Mutations

You have a pair of small antennae on your head.
Your demonic aura sometimes causes spilled blood to erupt in flames.
You regenerate a little health from kills.


Message History

You hit the orc.
The orc is moderately wounded.
The orc hits you but does no damage.
You hit the orc.
The orc is moderately wounded.
An orc priest comes into view. It is wielding a +0 flail.
The orc is engulfed in blazing flames.
You kill the orc!
There are monsters nearby!
There are monsters nearby!
Found 5 stones.
The orc hits you but does no damage.
You feel drained.
You see here a +0 hand axe.
You hit the orc.
The orc is moderately wounded.
The orc priest calls down the wrath of Beogh upon you.
Beogh smites you!
The orc priest calls upon Beogh to heal the orc.
The orc's wounds heal themselves!
The orc hits you with a +2 mace of draining.
You feel drained.
There are monsters nearby!
There are monsters nearby!
You are too injured to fight recklessly!
You are too injured to fight recklessly!
You are too injured to fight recklessly!
The orc hits you with a +2 mace of draining.
You feel drained.
The orc priest hits you with a +0 flail.
Things that are here:
a +0 whip; a +0 leather armour You hit the orc priest.
The orc priest is heavily wounded.
The orc hits you but does no damage.
You feel drained.
The orc priest invokes the aid of Beogh against you.
Pain shoots through your body!
* * * LOW HITPOINT WARNING * * *
You hit the orc priest.
The orc priest is heavily wounded.
The orc hits you with a +2 mace of draining.
You die...

####...#####....##........#
#####..### #....##.........
.........# #.##..####.####
.........###...#.# .#
.............#...##
.........###..#...#
.........# ##..#..#
.........# ##..)o###.##
.........# ###@.......
.......... ##o......
.###+##+## #.....( ......
##.... .... ... ..


You could see an orc priest and an orc.

Vanquished Creatures
  2 adders (D:2)
  2 dart slugs
  A ribbon worm (D:3)
  2 orcs (D:3)
  10 ball pythons
  8 endoplasms
  2 giant cockroaches (D:1)
  11 goblins
  3 hobgoblins (D:1)
  6 jackals (D:1)
  A quokka (D:2)
  4 bats
  2 frilled lizards
  7 kobolds
  3 rats
64 creatures vanquished.

Notes
Turn   | Place    | Note
-------+----------+-------------------------------------------
     0 | D:1      | CowFu the Demonspawn Monk began the quest for the Orb.
     0 | D:1      | Reached XP level 1. HP: 18/18 MP: 1/1
   124 | D:1      | Reached skill level 3 in Long Blades
   153 | D:1      | Gained mutation: You regenerate a little health from kills.
                  | [demonic ancestry]
   153 | D:1      | Reached XP level 2. HP: 21/24 MP: 2/2
   274 | D:1      | Gained mutation: Your demonic aura sometimes causes spilled
                  | blood to erupt in flames. [demonic ancestry]
   274 | D:1      | Reached XP level 3. HP: 29/29 MP: 3/3
   306 | D:1      | Reached skill level 4 in Long Blades
   782 | D:2      | Found a shimmering altar of Xom.
   817 | D:2      | Gained mutation: You have a pair of small antennae on your
                  | head. [demonic ancestry]
   817 | D:2      | Reached XP level 4. HP: 30/35 MP: 4/4
  1500 | D:3      | Noticed a scorpion
  1535 | D:3      | Found a shimmering altar of Xom.
  1557 | D:3      | Slain by an orc

Illustrated notes

Levels and vault maps discovered:
D:1:      lightli_arrival_isolated_outpost, layout_loops_ring,
          minmay_octomino_e4
D:2:      layout_loops_cross, basic_altar, kennysheep_generic_room_11
D:3:      layout_rooms, mainiacjoe_overflow_24_doors, xom_teletrap_fun,
          lemuel_coloured_pillars_altar, shapermc_ecumenical_altar_flowoftime,
          lightli_corner_chamber

Skill      XL: |  1  2  3 |
---------------+----------+-----
Long Blades    | 3 4 |  4.8
Fighting       | |  3.0
Dodging        | |  2.6

Action                     |  1- 3 |  4- 6 || total
---------------------------+-------+-------++-------
  Melee: Falchion          |   104 |    43 ||   147
 Armour: Robe              |    44 |       ||    44
         Plate armour      |    33 |    52 ||    85
  Dodge: Dodged            |    59 |     4 ||    63

Table legend: (Time is in decaauts)
 A = Elapsed time spent in this place.
 B = Non-inter-level travel time spent in this place.
 C = Inter-level travel time spent in this place.
 D = Time resting spent in this place.
 E = Time spent auto-exploring this place.
 F = Levels seen in this place.
 G = Mean time per level.
                   A        B        C        D        E       F      G
               +--------+--------+--------+--------+--------+-----+--------+
         Total |   1585 |   1551 |     34 |      0 |   1186 |   3 |  528.3 |
       Dungeon |   1585 |   1551 |     34 |      0 |   1186 |   3 |  528.3 |
               +--------+--------+--------+--------+--------+-----+--------+

Top non-repeatable levels by time:
     D:2: 774 daAuts
     D:1: 685 daAuts
     D:3: 124 daAuts
